 Dungeon Crawl Stone Soup version 0.28.0 (webtiles) character file.

Game seed: 11058741201429959081

1043 croobank the Firebug (level 8, -2/58 HPs)
             Began as a Gnoll Fire Elementalist on Feb 11, 2022.
             Was a Follower of Vehumet.
             Slain by a sky beast (5 damage)
             ... on level 5 of the Dungeon.
             The game lasted 00:17:01 (5015 turns).

croobank the Firebug (Gnoll Fire Elementalist)      Turns: 5015, Time: 00:17:01

Health: -2/58      AC:  2    Str:  8    XL:     8   Next: 25%
Magic:  5/16       EV: 14    Int: 17    God:    Vehumet [*.....]
Gold:   275        SH:  0    Dex: 12    Spells: 6/18 levels left

rFire   . . .      SeeInvis .   a - +2 short sword (flame)
rCold   . . .      Faith    .   (no shield)
rNeg    . . .      Spirit   .   m - +0 robe
rPois   .          Reflect  .   (helmet restricted)
rElec   .          Harm     .   (no cloak)
rCorr   .          Rampage  .   (no gloves)
Will    .....                   (no boots)
Stlth   +++.......              (no amulet)
HPRegen 0.19/turn               (no ring)
MPRegen 0.15/turn               (no ring)

@: no status effects
A: fangs 1, strong nose, distributed training, hooves 1, horns 1
a: Renounce Religion


You were on level 5 of the Dungeon.
You worshipped Vehumet.
Vehumet was aware of your devotion.
You visited 2 branches of the dungeon, and saw 6 of its levels.

You collected 275 gold pieces.

Inventory:

Hand Weapons
 a - a +2 short sword of flaming (weapon)
 b - a +2 dagger of venom
 g - a +0 dagger
Missiles
 c - 46 arrows
 e - 110 stones
 h - 15 poisoned darts
 l - 5 javelins (quivered)
 y - 34 sling bullets
Armour
 d - a +0 ring mail
 m - a +0 robe (worn)
 s - a +0 leather armour
Jewellery
 p - a ring of fire
Wands
 r - a wand of flame (15)
Scrolls
 i - 3 scrolls of teleportation
 k - a scroll of torment
 o - 3 scrolls of amnesia
 q - 2 scrolls of holy word
 u - a scroll of fog {unknown}
 x - a scroll of noise {unknown}
 A - a scroll of magic mapping {unknown}
 B - a scroll of enchant weapon {unknown}
Potions
 f - 3 potions of curing
 j - a potion of might {unknown}
 n - 3 potions of heal wounds {unknown}
 t - a potion of brilliance {unknown}
 v - a potion of attraction {unknown}
 w - a potion of berserk rage {unknown}
 z - a potion of resistance {unknown}
 C - a potion of flight {unknown}


   Skills:
 + Level 3.1 Fighting
 + Level 3.1 Short Blades
 + Level 3.1 Long Blades
 + Level 3.1 Axes
 + Level 3.1 Maces & Flails
 + Level 3.1 Polearms
 + Level 3.1 Staves
 + Level 3.1 Slings
 + Level 3.1 Bows
 + Level 3.1 Crossbows
 + Level 3.1 Throwing
 + Level 3.1 Armour
 + Level 5.6 Dodging
 + Level 5.2 Stealth
 + Level 3.1 Shields
 + Level 3.1 Unarmed Combat
 + Level 5.9 Spellcasting
 + Level 3.3 Conjurations
 + Level 2.5 Hexes
 + Level 2.5 Summonings
 + Level 2.5 Necromancy
 + Level 2.5 Translocations
 + Level 2.5 Transmutations
 + Level 6.0 Fire Magic
 + Level 2.5 Ice Magic
 + Level 2.5 Air Magic
 + Level 2.5 Earth Magic
 + Level 2.5 Poison Magic
 + Level 3.4 Invocations
 + Level 3.1 Evocations


You had 6 spell levels left.
You knew the following spells:

 Your Spells              Type           Power      Damage    Failure   Level
a - Foxfire               Conj/Fire      84%        2x1d8     1%          1
b - Scorch                Fire           50%        2d8       1%          2
c - Flame Wave            Conj/Fire      21%        2d7       19%         4
d - Fulminant Prism       Conj/Hex       7%         3d7       36%         4
e - Shock                 Conj/Air       60%        1d6       3%          1

Your spell library contained the following spells:

 Spells                   Type           Power      Damage    Failure   Level
 Magic Dart               Conj           64%        1d6       3%          1
 Searing Ray              Conj           32%        2d5       4%          2
 Conjure Flame            Conj/Fire      21%        6-21      5%          3
 Inner Flame              Hex/Fire       19%        N/A       7%          3
 Summon Forest            Summ/Tloc      6%         N/A       77%         5
 Eringya's Noxious Bog    Tmut/Pois      6%         N/A       100%        6
 Summon Hydra             Summ           6%         N/A       100%        7


Dungeon Overview and Level Annotations

Branches:
Dungeon (5/15)             Temple (1/1) D:4

Altars:
Dithmenos
Elyvilon
Gozag
Hepliaklqana
Kikubaaqudgha
Makhleb
Nemelex Xobeh
Okawaru
Sif Muna
Trog
Uskayaw
Vehumet
Wu Jian
Xom
Zin


Innate Abilities, Weirdness & Mutations

You have very sharp teeth.
Your uncanny sense of smell can sniff out nearby items.
Your experience applies equally to all skills.
You have large cloven feet.
You have a pair of small horns on your head.


Message History

You kill the orc wizard!
Vehumet accepts your kill.
The flame wave engulfs something.
The flame wave engulfs the orc!
You kill the orc!
Vehumet accepts your kill.
The flame wave engulfs the orc!
You kill the orc!
Vehumet accepts your kill.
You finish channelling waves of flame.
A sky beast appears from thin air!
Reactivating autopickup.
The sky beast hits you. The sky beast shocks you.
Casting: Flame Wave (quite dangerous; 19% risk of failure)
Confirm with . or Enter, or press ? or * to list all spells.
Okay, then.
Casting: Flame Wave (quite dangerous; 19% risk of failure)
Confirm with . or Enter, or press ? or * to list all spells.
Flames lash the sky beast.
The sky beast is almost dead.
The sky beast's fire resistance burns away.
The sky beast flickers out of sight!
Deactivating autopickup; reactivate with Ctrl-A.
Something barely misses you.
Casting: Scorch (safe; 1% risk of failure)
Confirm with . or Enter, or press ? or * to list all spells.
Flames lash the ogre.
The ogre is heavily wounded.
The ogre's fire resistance burns away.
Something hits you. Something shocks you.
Casting: Scorch (safe; 1% risk of failure)
Confirm with . or Enter, or press ? or * to list all spells.
Flames lash the ogre.
The ogre is burned terribly!
The ogre is almost dead.
Something hits you.
* * * LOW HITPOINT WARNING * * *
Something shocks you.
* * * LOW HITPOINT WARNING * * *
Something hits you.
* * * LOW HITPOINT WARNING * * *
Something shocks you.
You die...

##########
#........#
#.######.###
#.# #.##.
#######.#
#.##)
#....##.#
#.##.
##@##....#
#.##.
#.O{######
#.##. ∆ ∆
#)).# #....
∆∆ #)).#
##########.
∆ ∆ ....#
........###
#...##
#######.#..
....# #.#..
....## #....
....# ###..


You could see an ogre (combustible).

Vanquished Creatures
  A sky beast (D:3)
  A phantom (D:4)
  2 kobold brigands (D:3)
  A bullfrog (D:4)
  A scorpion (D:5)
  A howler monkey (D:5)
  2 hounds (D:4)
  A centaur skeleton (D:3)
  A jelly (D:3)
  2 orc priests
  4 orc wizards
  3 iguanas
  A hound skeleton (D:5)
  A hound zombie (D:5)
  7 adders
  A howler monkey skeleton (D:5)
  A white imp (D:5)
  An ufetubus (D:5)
  3 worms
  4 dart slugs
  19 orcs
  6 endoplasms
  4 giant cockroaches
  4 goblins
  8 hobgoblins
  7 jackals
  3 quokkas
  2 ball pythons
  3 bats
  3 frilled lizards (D:1)
  9 kobolds
  4 rats
111 creatures vanquished.

Vanquished Creatures (others)
  173 foxfires
173 creatures vanquished.

Grand Total: 284 creatures vanquished

Notes
Turn   | Place    | Note
-------+----------+-------------------------------------------
     0 | D:1      | croobank the Gnoll Fire Elementalist began the quest for
                  | the Orb.
     0 | D:1      | Reached XP level 1. HP: 13/13 MP: 6/6
    80 | D:1      | Reached XP level 2. HP: 19/19 MP: 3/7
    83 | D:1      | Learned a level 2 spell: Scorch
   401 | D:1      | You fall into a shaft and drop 1 floor!
   419 | D:2      | Reached skill level 5 in Spellcasting
   419 | D:2      | Reached skill level 1 in Invocations
   419 | D:2      | Reached XP level 3. HP: 25/25 MP: 2/9
   440 | D:2      | Reached skill level 1 in Fighting
   440 | D:2      | Reached skill level 1 in Short Blades
   440 | D:2      | Reached skill level 1 in Long Blades
   440 | D:2      | Reached skill level 1 in Axes
   440 | D:2      | Reached skill level 1 in Maces & Flails
   440 | D:2      | Reached skill level 1 in Polearms
   440 | D:2      | Reached skill level 1 in Staves
   440 | D:2      | Reached skill level 1 in Slings
   440 | D:2      | Reached skill level 1 in Bows
   440 | D:2      | Reached skill level 1 in Crossbows
   440 | D:2      | Reached skill level 1 in Throwing
   440 | D:2      | Reached skill level 1 in Armour
   440 | D:2      | Reached skill level 1 in Shields
   440 | D:2      | Reached skill level 1 in Unarmed Combat
   440 | D:2      | Reached skill level 1 in Evocations
   727 | D:2      | Reached XP level 4. HP: 32/32 MP: 6/11
  1053 | D:2      | Found a shimmering altar of Xom.
  1106 | D:2      | Found a faded altar of an unknown god.
  1352 | D:2      | Gained mutation: Your flesh is heat resistant. (rF+)
                  | [potion of mutation]
  1352 | D:2      | Gained mutation: You are clumsy. (Dex -2) [potion of
                  | mutation]
  1352 | D:2      | Gained mutation: You sometimes lose the ability to read
                  | scrolls when taking damage. [potion of mutation]
  1353 | D:2      | Lost mutation: You sometimes lose the ability to read
                  | scrolls when taking damage. [potion of mutation]
  1353 | D:2      | Lost mutation: Your flesh is heat resistant. (rF+) [potion
                  | of mutation]
  1353 | D:2      | Lost mutation: You are clumsy. (Dex -2) [potion of
                  | mutation]
  1353 | D:2      | Gained mutation: You have large cloven feet. [potion of
                  | mutation]
  1353 | D:2      | Gained mutation: You have a pair of small horns on your
                  | head. [potion of mutation]
  1395 | D:3      | Reached skill level 1 in Hexes
  1395 | D:3      | Reached skill level 1 in Summonings
  1395 | D:3      | Reached skill level 1 in Necromancy
  1395 | D:3      | Reached skill level 1 in Translocations
  1395 | D:3      | Reached skill level 1 in Transmutations
  1395 | D:3      | Reached skill level 1 in Ice Magic
  1395 | D:3      | Reached skill level 1 in Air Magic
  1395 | D:3      | Reached skill level 1 in Earth Magic
  1395 | D:3      | Reached skill level 1 in Poison Magic
  1543 | D:3      | Noticed a kobold brigand
  1546 | D:3      | Noticed a kobold brigand
  1554 | D:3      | Killed a kobold brigand
  1555 | D:3      | Reached XP level 5. HP: 29/37 MP: 4/12
  1562 | D:3      | Killed a kobold brigand
  1563 | D:3      | Reached XP level 6. HP: 23/44 MP: 1/13
  1845 | D:3      | Noticed a sky beast
  1853 | D:3      | Killed a sky beast
  1854 | D:3      | Reached skill level 5 in Dodging
  2418 | D:3      | Reached XP level 7. HP: 35/50 MP: 8/15
  2686 | D:4      | Found a staircase to the Ecumenical Temple.
  2735 | Temple   | Entered the Ecumenical Temple
  2794 | Temple   | Became a worshipper of Vehumet
  3728 | D:4      | Reached skill level 5 in Stealth
  3733 | D:4      | Learned a level 4 spell: Flame Wave
  3752 | D:4      | Learned a level 4 spell: Fulminant Prism
  3878 | D:5      | Entered Level 5 of the Dungeon
  4125 | D:5      | Reached skill level 6 in Fire Magic
  4230 | D:5      | Reached XP level 8. HP: 50/57 MP: 12/16
  4593 | D:5      | Reached * piety under Vehumet
  4593 | D:5      | Offered knowledge of Shock by Vehumet.
  4654 | D:5      | Learned a level 1 spell: Shock
  5015 | D:5      | Slain by a sky beast

Illustrated notes

Levels and vault maps discovered:
D:1:      eino_arrival_cavern_d, layout_rooms
D:2:      layout_basic, basic_altar, shapermc_ecumenical_altar_starsandcircs,
          minmay_octomino_e4
D:3:      cheibrodos_thug_alley, layout_rooms, kennysheep_generic_room_9
D:4:      layout_cave_pods, minmay_temple_entry_offerings
D:5:      layout_loops_ring, lightli_corner_chamber
Temple:   mainiacjoe_temple_hex_bubbles

Skill      XL: |  1  2  3  4  5  6  7  8 |
---------------+-------------------------+-----
Conjurations   | 2 3 |  3.3
Spellcasting   | 5 |  5.9
Invocations    | 1 2 3 |  3.4
Fighting       | 1 2 3 |  3.1
Short Blades   | 1 2 3 |  3.1
Long Blades    | 1 2 3 |  3.1
Axes           | 1 2 3 |  3.1
Maces & Flails | 1 2 3 |  3.1
Polearms       | 1 2 3 |  3.1
Staves         | 1 2 3 |  3.1
Slings         | 1 2 3 |  3.1
Bows           | 1 2 3 |  3.1
Crossbows      | 1 2 3 |  3.1
Throwing       | 1 2 3 |  3.1
Armour         | 1 2 3 |  3.1
Shields        | 1 2 3 |  3.1
Unarmed Combat | 1 2 3 |  3.1
Evocations     | 1 2 3 |  3.1
Hexes          | 1 2 |  2.5
Summonings     | 1 2 |  2.5
Necromancy     | 1 2 |  2.5
Translocations | 1 2 |  2.5
Transmutations | 1 2 |  2.5
Ice Magic      | 1 2 |  2.5
Air Magic      | 1 2 |  2.5
Earth Magic    | 1 2 |  2.5
Poison Magic   | 1 2 |  2.5
Dodging        | 5 |  5.6
Stealth        | 5 |  5.2
Fire Magic     | 6 |  6.0

Action                   |  1- 3 |  4- 6 |  7- 9 || total
-------------------------+-------+-------+-------++-------
Melee: Unarmed           |     2 |       |       ||     2
       Dagger            |    15 |     1 |       ||    16
       Bite              |     4 |       |     2 ||     6
       Punch             |     2 |       |       ||     2
       Short sword       |       |    13 |    16 ||    29
       Kick              |       |     3 |     6 ||     9
       Headbutt          |       |     2 |     2 ||     4
Throw: Javelin           |       |       |     1 ||     1
 Cast: Foxfire           |    31 |    46 |    26 ||   103
       Scorch            |     6 |    27 |    36 ||    69
       Flame Wave        |       |       |     2 ||     2
  Use: Scroll            |       |     4 |     3 ||     7
       Potion            |       |     2 |     1 ||     3
 Stab: Sleeping          |       |       |     1 ||     1
Armor: Robe              |     1 |       |     3 ||     4
Dodge: Dodged            |    12 |     9 |    18 ||    39
